 Dungeon Crawl Stone Soup version 0.30-a0-55-g90e3122c3a (webtiles) character file.

Game seed: 15870782823113063289

90952 Newt the Basher (level 15, -10/115 HPs)
             Began as a Demonspawn Gladiator on Sept 9, 2022.
             Was the Champion of Okawaru.
             Mangled by flotson's ghost (11 damage)
             ... on level 3 of the Lair of Beasts.
             The game lasted 00:55:27 (35173 turns).

Newt the Basher (Demonspawn Gladiator)             Turns: 35173, Time: 00:55:28

Health: -10/115    AC: 45    Str: 26    XL:     15   Next: 53%
Magic:  0/21       EV: 17    Int: 14    God:    Okawaru [******]
Gold:   1300       SH: 12    Dex: 16    Spells: 14/14 levels left

rFire   + . .      SeeInvis .    P - +11 mace "Siuxep" {venom, rPois Int+2}
rCold   + + .      Faith    .    z - +0 kite shield
rNeg    . . .      Spirit   +    n - +6 plate armour {rF+}
rPois   +          Reflect  .    (helmet restricted)
rElec   .          Harm     .    Y - +1 cloak {rC+}
rCorr   .          Rampage  .    f - +1 pair of gloves of Forking Paths {Str+6}
Will    +....                    v - +2 pair of boots of the Heron {Int+2}
Stlth   ..........               N - amulet of guardian spirit
HPRegen 0.29/turn                h - +4 ring of evasion
MPRegen 0.17/turn                o - +4 ring of protection

@: agile, sanguine armoured, on berserk cooldown, hasted and slowed
A: horns 2, powered by death 1, powered by pain 3, sanguine armour 3, cold
resistance 1, poison resistance
a: Renounce Religion, Heroism, Finesse, Duel


You were on level 3 of the Lair of Beasts.
You worshipped Okawaru.
Okawaru was exalted by your worship.
You visited 5 branches of the dungeon, and saw 25 of its levels.
You also visited: Ice Cave and Volcano.

You collected 1696 gold pieces.
You spent 396 gold pieces at shops.

Inventory:

Hand Weapons
 l - a +0 vampiric demon blade
 H - a +3 eveningstar of protection
 P - the +11 mace "Siuxep" (weapon) {venom, rPois Int+2}
   (You bought it in a shop on level 8 of the Dungeon)

   It poisons the flesh of those it strikes.
   Int:       It affects your intelligence (+2).
   rPois:     It protects you from poison.
Missiles
 d - 15 poisoned darts
 g - 3 silver boomerangs
 k - 11 javelins
 A - 5 datura-tipped darts
 I - a curare-tipped dart
 L - 22 boomerangs (quivered)
 U - 2 silver javelins
Armour
 f - the +1 pair of gloves of Forking Paths (worn) {Str+6}
   (You found it on level 2 of the Lair of Beasts)

   Str:       It affects your strength (+6).
 j - a +3 leather armour of resistance
 n - a +6 plate armour of fire resistance (worn)
 s - the +0 chain mail of Ryamp {-Cast Drain rN+++ Dex+6}
   (Okawaru gifted it to you on level 14 of the Dungeon)

   Dex:       It affects your dexterity (+6).
   rN:        It renders you almost immune to negative energy.
   -Cast:     It prevents spellcasting.
   Drain:     It drains your maximum health when unequipped.
 v - the +2 pair of boots of the Heron (worn) {Int+2}
   (Okawaru gifted it to you in a volcano)

   Int:       It affects your intelligence (+2).
 z - a +0 kite shield (worn)
 O - quicksilver dragon scales
 Y - a +1 cloak of cold resistance (worn)
Jewellery
 h - a +4 ring of evasion (left hand)
 o - a +4 ring of protection (right hand)
 p - a ring of protection from cold
 N - an amulet of guardian spirit (around neck)
 S - a ring of resist corrosion
 X - a ring of see invisible
Wands
 y - a wand of roots (43)
 J - a wand of quicksilver (2)
 V - a wand of digging (16)
 W - a wand of flame (21)
Scrolls
 a - a scroll of summoning
 m - a scroll of fog
 q - 2 scrolls of silence
 x - 8 scrolls of teleportation
 D - 2 scrolls of magic mapping
 E - 13 scrolls of identify
 G - 5 scrolls of poison
 R - 2 scrolls of enchant weapon
 T - a scroll of fear
Potions
 i - 8 potions of brilliance
 r - a potion of haste
 u - a potion of lignification
 w - a potion of might
 B - 7 potions of flight
 C - a potion of berserk rage
 F - a potion of invisibility
 M - 2 potions of resistance


   Skills:
 - Level 10.0 Fighting
 - Level 2.6 Short Blades
 - Level 14.0 Maces & Flails
 - Level 8.0 Throwing
 + Level 11.6 Armour
 - Level 4.0 Dodging
 - Level 2.0 Stealth
 - Level 10.0 Shields
 - Level 8.0 Invocations
 - Level 10.0 Evocations


You had 14 spell levels left.
You didn't know any spells.
Your spell library contained the following spells:

 Spells                   Type           Power      Damage    Failure   Level
 Necrotise                Necr           0%         1d4       99%         1
 Shock                    Conj/Air       0%         1d3       99%         1
 Slow                     Hex            0%         N/A       99%         1
 Ensorcelled Hibernation  Hex/Ice        0%         N/A       100%        2
 Passwall                 Tmut/Erth      0%         N/A       100%        2
 Sublimation of Blood     Necr           0%         N/A       100%        2
 Confusing Touch          Hex            0%         N/A       100%        3
 Ozocubu's Armour         Ice            0%         N/A       100%        3
 Swiftness                Air            0%         N/A       100%        3
 Vampiric Draining        Necr           0%         2d6       100%        3
 Airstrike                Air            0%         2d(0-16)  100%        4
 Hailstorm                Conj/Ice       0%         3d3       100%        4
 Ice Form                 Ice/Tmut       0%         N/A       100%        4
 Passage of Golubria      Tloc           0%         N/A       100%        4
 Petrify                  Tmut/Erth      0%         N/A       100%        4
 Agony                    Necr           0%         N/A       100%        5
 Alistair's Intoxication  Tmut/Pois      0%         N/A       100%        5
 Borgnjor's Vile Clutch   Necr/Erth      0%         N/A       100%        5
 Irradiate                Conj/Tmut      0%         3d11      100%        5
 Yara's Violent Unravell  Hex/Tmut       0%         3d3       100%        5
 Eringya's Noxious Bog    Tmut/Pois      0%         N/A       100%        6
 Enfeeble                 Hex            0%         N/A       100%        7
 Ozocubu's Refrigeration  Ice            0%         4d7       100%        7
 Tukima's Dance           Hex            Unusable   N/A       N/A         3
 Simulacrum               Ice/Necr       Unusable   N/A       N/A         6

Dungeon Overview and Level Annotations

Branches:
Dungeon (15/15)            Temple (1/1) D:7            Lair (5/5) D:11
 Shoals (3/4) Lair:2       Spider (1/4) Lair:3        Slime (0/5) Lair:4
    Orc (0/2) D:11         Vaults (0/5) D:14          IceCv (visited)
Volcano (visited)
 Depths: D:15

Altars:
Ashenzari
Cheibriados
Dithmenos
Fedhas
Gozag
Hepliaklqana
Kikubaaqudgha
Makhleb
Nemelex Xobeh
Okawaru
Qazlal
Ru
Sif Muna
Trog
Uskayaw
Vehumet
Wu Jian
Xom
Yredelemnul
Jiyva

Shops:
D:8 :[((*   Shoals:1 *

Annotations:
Lair:1 exclusion: oklob plant
Lair:3 flotson's ghost, adept DsDe; lesbiats's ghost, journeyman MeEE
Spider:1 AGayBaby's ghost, journeyman MiAK; SensoryNuts's ghost, journeyman HOFi; osoart's ghost, journeyman SpHu


Innate Abilities, Weirdness & Mutations

You have a pair of horns on your head.
You regenerate a little health from kills.
You are powered by pain.
When seriously injured, your blood forms very thick armour. (AC +12)
Your flesh is cold resistant. (rC+)
Your system is resistant to poisons. (rPois)


Message History

Flotson's ghost is heavily damaged.
You closely miss flotson's ghost.
Flotson's ghost is heavily damaged.
You block flotson's ghost's attack.
You closely miss flotson's ghost.
You headbutt flotson's ghost, but do no damage.
Flotson's ghost is heavily damaged.
You barely miss flotson's ghost.
Flotson's ghost is heavily damaged.
You feel a little less mighty now.
Flotson's ghost hits you but does no damage.
You closely miss flotson's ghost. You headbutt flotson's ghost.
Flotson's ghost is heavily damaged.
You hit flotson's ghost but do no damage.
Your headbutt misses flotson's ghost.
Flotson's ghost is heavily damaged.
Flotson's ghost closely misses you.
You sock flotson's ghost! Your headbutt misses flotson's ghost.
Flotson's ghost is heavily damaged.
You closely miss flotson's ghost.
Flotson's ghost is heavily damaged.
Flotson's ghost hits you but does no damage.
You are electrocuted!!
* * * LOW HITPOINT WARNING * * *
You closely miss flotson's ghost. Your headbutt misses flotson's ghost.
Flotson's ghost is heavily damaged.
You are no longer berserk.
You are exhausted.
You feel yourself slow down.
Lesbiats's ghost screams, "There is no future for me!"
There is an open door here.
Flotson's ghost attacks as you move away!
Flotson's ghost hits you!
* * * LOW HITPOINT WARNING * * *
Flotson's ghost ripples.
Flotson's ghost attacks as you move away!
Flotson's ghost hits you!
* * * LOW HITPOINT WARNING * * *
You are electrocuted!
You die...

#P..###...####...###....>.....#..
##..###....#.......#...#.....##..
#....#.................#.#...##..
#....##....#.#...#.....###...#...
#...####..+.#....W.....##....#..#
#...## ##..###...##.#...##.......
##...####..###...#####.###.......
#..............W...#.+###.......
##..............@................
#................................
#...#.#.####.....................
.#..####.# ##....................
##...###.####....###.##..........
##...##...##.....# ######........
#...#............#####.#........#
#.....#.....+....#P#..###......P#
##........###..........#.......##


You could see flotson's ghost and lesbiats's ghost.

Vanquished Creatures
  An Ice Fiend (IceCv)
  Rupert (D:14)
  An emperor scorpion (Lair:3)
  A red draconian (Volcano)
  A spark wasp (shapeshifter) (D:13)
  A fire dragon (Lair:2)
  The ghost of IdlyInterested the Slicer, a journeyman FoFi of Hepliaklqana (Lair:2)
  2 merfolk impalers
  Josephine (D:13)
  2 hydras (D:14)
  3 boulder beetles
  5 centaur warriors
  4 merfolk avatars
  Erica (D:9)
  A radroach (Lair:3)
  6 two-headed ogres
  A satyr (Shoals:2)
  2 tengu warriors (D:14)
  Urug (D:13)
  Nergalle (Lair:1)
  A salamander mystic (Volcano)
  An obsidian statue (IceCv)
  2 sea snakes (Shoals:2)
  A bog body (IceCv)
  10 spriggan simulacra (IceCv)
  An orc knight (D:14)
  5 harpies (Shoals:1)
  A deep elf pyromancer (D:14)
  An elephant (shapeshifter) (D:13)
  3 ugly things
  2 cyclopes
  7 manticores
  12 fauns
  An oklob plant (Lair:2)
  5 salamanders (Volcano)
  7 merfolk sirens
  Maurice (D:9)
  13 elephants
  An ice statue (D:14)
  3 water nymphs
  4 cane toads
  2 rime drakes
  Psyche (D:9)
  2 unseen horrors
  5 ice devils (IceCv)
  A freezing wraith (IceCv)
  7 komodo dragons
  19 merfolk
  A meliai (shapeshifter) (D:14)
  3 anaconda simulacra (IceCv)
  Grinder (D:5)
  2 polar bears
  5 trolls
  A wind drake (Shoals:2)
  18 slime creatures
  5 snapping turtles
  A culicivora (Spider:1)
  3 shadows
  A jumping spider (Spider:1)
  8 wraiths
  2 steam dragons
  7 fire bats (Volcano)
  16 yaks
  16 humans (D:14)
  9 wyverns
  3 basilisks
  4 vampire mosquitoes
  6 redbacks
  8 minotaur simulacra (IceCv)
  2 acid dragons
  3 harpy simulacra (IceCv)
  8 water moccasins
  A hydra simulacrum (IceCv)
  2 orc warriors
  4 ice beasts
  2 sky beasts
  2 alligator simulacra (IceCv)
  2 black bears
  An ogre (D:7)
  10 wolves (Lair:3)
  6 centaurs
  A kobold brigand (D:6)
  10 bullfrogs
  2 gnoll sergeants
  A necrophage (D:6)
  5 scorpions
  9 deep troll simulacra (IceCv)
  16 wights
  2 lindwurm simulacra (IceCv)
  7 killer bees
  12 howler monkeys
  2 vampire bats (D:10)
  6 lava snakes
  3 hounds
  2 jellies
  7 orc priests
  2 gnoll boudas
  Ijyb (D:5)
  13 orc wizards
  An iguana (D:7)
  Robin (D:3)
  13 adders
  14 gnolls
  2 shadow imps
  3 white imps (D:7)
  A worm (D:5)
  3 dart slugs
  35 orcs
  4 ball pythons
  3 endoplasms
  4 giant cockroaches
  10 goblins
  12 hobgoblins
  3 jackals (D:1)
  A quokka (D:2)
  5 bats
  A frilled lizard (D:1)
  4 kobolds
  2 rats (D:3)
  A bush (Lair:2)
  A fire vortex (Lair:2)
544 creatures vanquished.

Vanquished Creatures (collateral kills)
  An ogre (D:6)
1 creature vanquished.

Vanquished Creatures (others)
  24 fungi
  31 plants
55 creatures vanquished.

Grand Total: 600 creatures vanquished

Notes
Turn   | Place    | Note
-------+----------+-------------------------------------------
     0 | D:1      | Newt the Demonspawn Gladiator began the quest for the Orb.
     0 | D:1      | Reached XP level 1. HP: 16/16 MP: 1/1
   144 | D:1      | Reached skill level 1 in Stealth
   442 | D:1      | Gained mutation: You sometimes gain a little power by
                  | taking damage. [demonic ancestry]
   442 | D:1      | Reached XP level 2. HP: 22/22 MP: 2/2
  1835 | D:2      | Gained mutation: You sometimes gain power by taking damage.
                  | [demonic ancestry]
  1835 | D:2      | Reached XP level 3. HP: 25/28 MP: 3/3
  2215 | D:2      | Reached skill level 1 in Maces & Flails
  2222 | D:2      | Gained mutation: When seriously injured, your blood forms
                  | armour. (AC +12) [demonic ancestry]
  2222 | D:2      | Reached XP level 4. HP: 18/35 MP: 4/4
  2663 | D:3      | Noticed Robin
  2681 | D:3      | Reached skill level 2 in Maces & Flails
  2688 | D:3      | Killed Robin
  3117 | D:3      | Gained mutation: Your flesh is cold resistant. (rC+)
                  | [potion of mutation]
  3117 | D:3      | Gained mutation: Your system is resistant to poisons.
                  | (rPois) [potion of mutation]
  3245 | D:3      | Found a snail-covered altar of Cheibriados.
  3256 | D:3      | Reached skill level 3 in Maces & Flails
  3331 | D:3      | Gained mutation: You have a pair of small horns on your
                  | head. [demonic ancestry]
  3331 | D:3      | Reached XP level 5. HP: 40/41 MP: 5/5
  3486 | D:3      | Found a faded altar of an unknown god.
  4250 | D:5      | Entered Level 5 of the Dungeon
  4254 | D:5      | Reached skill level 4 in Maces & Flails
  4292 | D:5      | Reached skill level 1 in Armour
  4373 | D:5      | Noticed Grinder
  4380 | D:5      | Gained mutation: When seriously injured, your blood forms
                  | thick armour. (AC +12) [demonic ancestry]
  4380 | D:5      | Reached XP level 6. HP: 29/47 MP: 6/6
  4380 | D:5      | Paralysed by Grinder for 2 turns
  4390 | D:5      | Paralysed by Grinder for 5 turns
  4406 | D:5      | Killed Grinder
  4741 | D:5      | Gained mutation: When seriously injured, your blood forms
                  | very thick armour. (AC +12) [demonic ancestry]
  4741 | D:5      | Reached XP level 7. HP: 48/52 MP: 7/7
  4940 | D:5      | Noticed Ijyb
  4946 | D:5      | Killed Ijyb
  4947 | D:5      | Reached skill level 5 in Maces & Flails
  5097 | D:5      | Found a radiant altar of Vehumet.
  5098 | D:5      | Found a shimmering altar of Xom.
  5594 | D:6      | Reached skill level 6 in Maces & Flails
  5715 | D:6      | Identified the +8 great sword of No Interval {antimagic,
                  | rF+}
  5785 | D:6      | Reached XP level 8. HP: 19/60 MP: 8/8
  5798 | D:6      | Reached skill level 5 in Fighting
  6880 | D:6      | Reached skill level 1 in Evocations
  7281 | D:7      | Reached XP level 9. HP: 69/69 MP: 9/9
  7846 | D:7      | Found a staircase to the Ecumenical Temple.
  7856 | Temple   | Entered the Ecumenical Temple
  8009 | Temple   | Became a worshipper of Warmaster Okawaru
  8236 | D:7      | Reached skill level 7 in Maces & Flails
  8395 | D:7      | Found a sparkling altar of Nemelex Xobeh.
  8733 | D:8      | Reached * piety under Okawaru
  8738 | D:8      | Reached skill level 8 in Maces & Flails
  8893 | D:8      | Found Deheomm's Antique Weapon Shop.
  8901 | D:8      | Bought an iridescent mace for 160 gold pieces
  8901 | D:8      | Identified the +11 mace "Siuxep" {venom, rPois Int+2} (You
                  | bought it in a shop on level 8 of the Dungeon)
  8901 | D:8      | Bought a brightly glowing morningstar for 180 gold pieces
  8901 | D:8      | Identified the +4 morningstar "Yfur" {venom, Fragile Int+3
                  | Dex+9 Stlth+} (You bought it in a shop on level 8 of the
                  | Dungeon)
  8918 | D:8      | Reached skill level 5 in Armour
  9115 | D:8      | Found Amaakof's Book Emporium.
  9153 | D:8      | Found Ziemi's Weapon Shop.
  9187 | D:8      | Noticed a two-headed ogre
  9193 | D:8      | Killed a two-headed ogre
  9193 | D:8      | Reached ** piety under Okawaru
  9194 | D:8      | Gained mutation: You regenerate a little health from kills.
                  | [demonic ancestry]
  9194 | D:8      | Reached XP level 10. HP: 64/76 MP: 10/10
  9293 | D:8      | Found Holugoq's Antique Armour Shop.
  9319 | D:8      | Found a sacrificial altar of Ru.
  9397 | D:8      | Noticed a two-headed ogre
  9409 | D:8      | Killed a two-headed ogre
  9410 | D:8      | Reached skill level 9 in Maces & Flails
  9410 | D:8      | Reached *** piety under Okawaru
  9657 | D:8      | Found Zopeoh's General Store.
  9666 | D:8      | Bought a scroll of identify for 28 gold pieces
  9666 | D:8      | Bought a scroll of identify for 28 gold pieces
 10123 | D:9      | Noticed Psyche
 10130 | D:9      | Killed Psyche
 10179 | D:9      | Reached skill level 10 in Maces & Flails
 10181 | D:9      | Reached skill level 1 in Invocations
 10330 | D:9      | Received a gift from Okawaru
 10362 | D:9      | Reached skill level 5 in Invocations
 10405 | D:9      | Noticed a two-headed ogre
 10409 | D:9      | Noticed Maurice
 10418 | D:9      | Killed a two-headed ogre
 10419 | D:9      | Reached skill level 5 in Throwing
 11063 | D:9      | Killed Maurice
 11388 | D:9      | Noticed Erica
 11415 | D:9      | Killed Erica
 11415 | D:9      | Reached **** piety under Okawaru
 11415 | D:9      | Received a gift from Okawaru
 11416 | D:9      | Reached XP level 11. HP: 24/81 MP: 10/14
 11838 | D:10     | Entered Level 10 of the Dungeon
 13039 | D:11     | Found a staircase to the Orcish Mines.
 13154 | D:11     | Noticed a two-headed ogre
 13169 | D:11     | Noticed a boulder beetle
 13192 | D:11     | Killed a two-headed ogre
 13346 | D:11     | Killed a boulder beetle
 13757 | D:11     | Found a staircase to the Lair.
 13932 | D:11     | Reached skill level 11 in Maces & Flails
 14069 | D:11     | Noticed a boulder beetle
 14082 | D:11     | Killed a boulder beetle
 14400 | D:12     | Reached ***** piety under Okawaru
 14567 | D:12     | Reached skill level 12 in Maces & Flails
 14686 | D:12     | Noticed a +0 dagger
 14687 | D:12     | Noticed a +0 dagger
 14687 | D:12     | Noticed a +0 short sword
 14688 | D:12     | Noticed a +0 spear
 14688 | D:12     | Noticed a cyan ugly thing
 14688 | D:12     | Noticed a +0 falchion
 14689 | D:12     | Noticed a +0 spear
 14703 | D:12     | Killed a cyan ugly thing
 14708 | D:12     | Received a gift from Okawaru
 14733 | D:12     | Noticed a +0 short sword
 14734 | D:12     | Noticed a +0 falchion
 14801 | D:12     | Noticed a two-headed ogre
 14836 | D:12     | Killed a two-headed ogre
 14977 | D:12     | Found a hide-covered altar of Uskayaw.
 15021 | D:12     | Gained mutation: You have a pair of horns on your head.
                  | [demonic ancestry]
 15021 | D:12     | Reached XP level 12. HP: 84/88 MP: 12/15
 15069 | D:12     | Received a gift from Okawaru
 15774 | D:13     | Reached skill level 13 in Maces & Flails
 15929 | D:13     | Noticed a two-headed ogre
 15941 | D:13     | Killed a two-headed ogre
 16596 | D:13     | Noticed a centaur warrior
 16900 | D:13     | Noticed a great orb of eyes
 16912 | D:13     | Noticed a spark wasp
 16912 | D:13     | a great orb of eyes changed into a spark wasp
 16920 | D:13     | Killed a spark wasp
 16920 | D:13     | Received a gift from Okawaru
 16921 | D:13     | Reached skill level 14 in Maces & Flails
 16996 | D:13     | Received a gift from Okawaru
 17383 | D:13     | Noticed Josephine
 17400 | D:13     | Killed Josephine
 17633 | D:13     | Received a gift from Okawaru
 17873 | D:13     | Noticed Urug
 17891 | D:13     | Killed Urug
 18883 | D:13     | Reached ****** piety under Okawaru
 18983 | D:13     | Killed a centaur warrior
 19254 | D:14     | Noticed a centaur warrior
 19263 | D:14     | Killed a centaur warrior
 19299 | D:14     | Noticed a centaur warrior
 19300 | D:14     | Noticed a five-headed hydra
 19302 | D:14     | Noticed a centaur warrior
 19303 | D:14     | Found a gate to the Vaults.
 19341 | D:14     | HP: 4/94 [centaur warrior/arrow (7)]
 19348 | D:14     | Killed a centaur warrior
 19348 | D:14     | Identified the +0 chain mail of Ryamp {-Cast Drain rN+++
                  | Dex+6} (Okawaru gifted it to you on level 14 of the
                  | Dungeon)
 19348 | D:14     | Received a gift from Okawaru
 19349 | D:14     | Gained mutation: You are powered by pain. [demonic
                  | ancestry]
 19349 | D:14     | Reached XP level 13. HP: 16/101 MP: 5/19
 19416 | D:14     | Reached skill level 10 in Fighting
 19417 | D:14     | Reached skill level 1 in Shields
 19568 | D:14     | Found a frozen archway.
 19674 | IceCv    | Entered an ice cave
 21622 | IceCv    | Reached skill level 5 in Shields
 21658 | IceCv    | Noticed an Ice Fiend
 21705 | IceCv    | Killed an Ice Fiend
 21705 | IceCv    | Received a gift from Okawaru
 21705 | IceCv    | Received a gift from Okawaru
 21870 | IceCv    | Received a gift from Okawaru
 22118 | IceCv    | Received a gift from Okawaru
 23079 | D:14     | Noticed Rupert
 23087 | D:14     | Paralysed by Rupert for 4 turns
 23101 | D:14     | Killed Rupert
 23383 | D:14     | Reached XP level 14. HP: 106/110 MP: 20/20
 23630 | D:15     | Entered Level 15 of the Dungeon
 23747 | Lair:1   | Entered Level 1 of the Lair of Beasts
 23781 | Lair:1   | Received a gift from Okawaru
 23792 | Lair:1   | Noticed Nergalle
 23820 | Lair:1   | Killed Nergalle
 24598 | Lair:2   | Identified the +1 pair of gloves of Forking Paths {Str+6}
 24641 | Lair:2   | Found a dark tunnel.
 24666 | Lair:2   | Reached skill level 10 in Armour
 24697 | Volcano  | Entered a volcano
 24868 | Volcano  | Identified the +2 pair of boots of the Heron {Int+2}
                  | (Okawaru gifted it to you in a volcano)
 24868 | Volcano  | Received a gift from Okawaru
 25323 | Volcano  | Found a radiant altar of Vehumet.
 25466 | Volcano  | Found a radiant altar of Vehumet.
 26554 | Lair:2   | Found a runed translucent door.
 26554 | Lair:2   | Noticed IdlyInterested's ghost (journeyman FoFi)
 27069 | Lair:2   | Found a staircase to the Shoals.
 27107 | Lair:2   | Identified the +0 ring mail "Dypniyg" {MP-9 Int+5 Dex+3}
 27342 | Lair:2   | Killed IdlyInterested's ghost
 27763 | Lair:3   | Found a hole to the Spider Nest.
 28500 | Lair:4   | Found a staircase to the Slime Pits.
 28500 | Lair:4   | Found a viscous altar of Jiyva.
 29144 | Lair:4   | Received a gift from Okawaru
 29171 | Lair:4   | Reached skill level 10 in Shields
 29445 | Lair:5   | Entered Level 5 of the Lair of Beasts
 29516 | Lair:5   | Reached skill level 5 in Evocations
 29610 | Lair:5   | Received a gift from Okawaru
 29908 | Shoals:1 | Entered Level 1 of the Shoals
 30597 | Shoals:1 | Reached XP level 15. HP: 112/115 MP: 21/21
 30641 | Shoals:1 | Found Gasigo's General Store.
 31409 | Shoals:2 | Received a gift from Okawaru
 31776 | Shoals:2 | Reached skill level 10 in Evocations
 32675 | Shoals:2 | Identified the +3 ring mail of the Winnowing Gods {+Inv
                  | rPois rC- Int+5} (Okawaru gifted it to you on level 2 of
                  | the Shoals)
 32675 | Shoals:2 | Received a gift from Okawaru
 33808 | Spider:1 | Entered Level 1 of the Spider Nest
 33987 | Spider:1 | Found a runed translucent gate.
 33987 | Spider:1 | Found a runed translucent gate.
 33987 | Spider:1 | Found a runed translucent gate.
 33989 | Spider:1 | Noticed flotson's ghost (adept DsDe)
 33989 | Spider:1 | Noticed SensoryNuts's ghost (journeyman HOFi)
 33989 | Spider:1 | Noticed AGayBaby's ghost (journeyman MiAK)
 33989 | Spider:1 | Noticed lesbiats's ghost (journeyman MeEE)
 33989 | Spider:1 | Noticed osoart's ghost (journeyman SpHu)
 34045 | Spider:1 | HP: 7/172 [flotson's ghost (9)]
 34087 | Spider:1 | Noticed an emperor scorpion
 34760 | Lair:3   | Killed an emperor scorpion
 35173 | Lair:3   | HP: 1/115 [flotson's ghost (9)]
 35173 | Lair:3   | Mangled by flotson's ghost

Illustrated notes

Levels and vault maps discovered:
D:1:      tarquinn_simple_flora_water_e, layout_basic
D:2:      kennysheep_big_flooded_room, layout_rooms
D:3:      layout_loops_corners, kennysheep_slug_shrine,
          dilly_ecumenical_altar_fadedgnrine, uniq_robin
D:4:      layout_loops_ring, chequers_jeans, kennysheep_cross_room
D:5:      layout_loops_ring, mainiacjoe_overflow_divided_tiny,
          serial_park_tiny_2, grunt_ministairs_6, minivault_1,
          nrook_mini_vaults, solitary_fountain, uniq_ijyb, uniq_grinder
D:6:      layout_rooms, nicolae_tso_carved_into_rock
D:7:      layout_cave_pools, nemelex_spade_bored_becter,
          minmay_temple_entry_stoned_glass, minmay_quadrilaterals
D:8:      layout_rooms, nicolae_ru_sacrificial_ziggurat, serial_shops, shop,
          shop, nicolae_shop_hallway_plus,
          nicolae_shop_competitors_out_of_business, shop,
          kennysheep_generic_room_7
D:9:      layout_irregular_city, uniq_maurice, uniq_erica, uniq_psyche
D:10:     layout_basic, roderic_batcave
D:11:     layout_gridville, grunt_lair_entry_orc_guard_hut, orc_0_dummy
D:12:     layout_long_grid, nicolae_uskayaw_en_pointe
D:13:     layout_irregular_city, fountainhead, minmay_fractal_squares_5,
          uniq_urug, uniq_josephine
D:14:     layout_roguey, david_vaults_3, minmay_staircase_bubble,
          portal_ice_cave_entry_ice_statue_one
D:15:     gammafunk_enter_depths_forms, layout_loops_ring, gammafunk_ghost_split
Temple:   regret_index_temple_sphere_string
Lair:1:   minmay_lair_oklob_tunnel, layout_chaotic_city, uniq_nergalle
Lair:2:   dragon1_lemuel, layout_regular_city,
          minmay_shoals_entry_lonely_mermaid, gammafunk_ghost_grave,
          nicolae_volcano_entry_two_sided, minmay_lair_oklob_bushes,
          grunt_megastairs_4
Lair:3:   layout_regular_city, dummy_spider_entry, grunt_megastairs_3
Lair:4:   layout_cave_pods, slime_entry_1, st_stairs_6, beast_lair_carwin_7
Lair:5:   cheibrodos_lair_end_hotspot, layout_layer_cave,
          grunt_forest_large_clearings
Shoals:1: layout_shoals, serial_shops, shop_statue, nicolae_shoals_wave_tunnel
Shoals:2: layout_shoals
Shoals:3: layout_shoals, nicolae_shoals_water_shrine
Spider:1: layout_chambers, gammafunk_ghost_cemetery

Skill      XL: |  1  2  3  4  5  6  7  8  9 10 11 12 13 14 15 |
---------------+----------------------------------------------+-----
Stealth        | 1 2 |  2.0
Fighting       | 3 4 6 9 10 | 10.0
Maces & Flails | 1 3 4 6 8 10 12 14 | 14.0
Armour         | 1 4 6 9 10 11 | 11.6
Dodging        | 4 |  4.0
Throwing       | 4 6 8 |  8.0
Evocations     | 2 4 8 10 | 10.0
Invocations    | 5 8 |  8.0
Shields        | 6 10 | 10.0
Short Blades   | |  2.6

Action                   |  1- 3 |  4- 6 |  7- 9 | 10-12 | 13-15 || total
-------------------------+-------+-------+-------+-------+-------++-------
Melee: Rapier            |    67 |       |       |       |       ||    67
       Whip              |    45 |   143 |   354 |       |       ||   542
       Punch             |     1 |     2 |     6 |    10 |       ||    19
       Headbutt          |       |    21 |    72 |   128 |   400 ||   621
       Mace              |       |       |    32 |   565 |  1388 ||  1985
Throw: Throwing net      |     1 |     2 |       |     3 |     6 ||    12
       Javelin           |     1 |     1 |     1 |     4 |     6 ||    13
       Dart              |       |       |       |     4 |    16 ||    20
       Boomerang         |       |       |       |    15 |    21 ||    36
Invok: Heroism           |       |       |       |       |     1 ||     1
Evoke: Wand              |       |       |       |       |     8 ||     8
  Use: Potion            |     1 |     6 |     3 |     4 |    21 ||    35
       Scroll            |       |     4 |    11 |    10 |    10 ||    35
 Stab: Sleeping          |     1 |     2 |     1 |       |       ||     4
       Held in net/web   |       |       |       |     1 |     1 ||     2
Armor: Leather armour    |    22 |       |       |       |    27 ||    49
       Ring mail         |    34 |    58 |   127 |   257 |    64 ||   540
       Ice dragon scales |       |       |       |       |   120 ||   120
       Plate armour      |       |       |       |       |   483 ||   483
       Quicksilver drago |       |       |       |       |    21 ||    21
       Skin              |       |       |       |       |     9 ||     9
Dodge: Dodged            |    74 |    75 |   257 |   471 |   632 ||  1509
Block: Kite shield       |       |       |       |       |   763 ||   763

Table legend: (Time is in decaauts)
 A = Elapsed time spent in this place.
 B = Non-inter-level travel time spent in this place.
 C = Inter-level travel time spent in this place.
 D = Time resting spent in this place.
 E = Time spent auto-exploring this place.
 F = Levels seen in this place.
 G = Mean time per level.
                   A        B        C        D        E       F      G
               +--------+--------+--------+--------+--------+-----+--------+
         Total |  34958 |  33903 |   1055 |  12228 |  16174 |  27 | 1294.7 |
       Dungeon |  20257 |  19553 |    704 |   6384 |  10347 |  15 | 1350.5 |
        Temple |    163 |    137 |     26 |      0 |    122 |   1 |  163.0 |
          Lair |   6399 |   6173 |    226 |   2062 |   3293 |   5 | 1279.8 |
        Shoals |   3938 |   3840 |     98 |   1600 |   1330 |   3 | 1312.7 |
   Spider Nest |    291 |    291 |      0 |      0 |    122 |   1 |  291.0 |
      Ice Cave |   3116 |   3116 |      0 |   2008 |    600 |   1 | 3116.0 |
       Volcano |    792 |    792 |      0 |    173 |    358 |   1 |  792.0 |
               +--------+--------+--------+--------+--------+-----+--------+

Top non-repeatable levels by time:
    D:13: 3220 daAuts
   IceCv: 3116 daAuts
Shoals:2: 2282 daAuts
  Lair:3: 2201 daAuts
  Lair:2: 2057 daAuts
     D:8: 2055 daAuts
     D:6: 1758 daAuts
    D:12: 1640 daAuts
Shoals:1: 1518 daAuts
    D:11: 1401 daAuts
     D:1: 1385 daAuts
     D:5: 1302 daAuts
    D:14: 1286 daAuts
    D:10: 1155 daAuts
     D:7: 1111 daAuts
